 Dungeon Crawl Stone Soup version 0.19.0 (webtiles) character file.

24617 Eucla the Brawler (level 12, -8/114 HPs)
             Began as a Troll Venom Mage on Nov 13, 2016.
             Was an Elder of Makhleb.
             Mangled by a nine-headed hydra (10 damage)
             ... on level 1 of the Lair of Beasts.
             The game lasted 00:20:02 (10633 turns).

Eucla the Brawler (Troll Venom Mage)               Turns: 10633, Time: 00:20:02

Health: -8/114     AC: 11    Str: 17    XL:     12   Next: 82%
Magic:  15/15      EV: 13    Int: 11    God:    Makhleb [****..]
Gold:   559        SH:  0    Dex: 14    Spells: 1 memorised, 12 levels left

rFire  + . .     SeeInvis .       - Unarmed
rCold  + . .     Gourm    +     T - +0 troll leather armour
rNeg   + . .     Faith    .     (no shield)
rPois  +         Spirit   .     (helmet restricted)
rElec  .         Reflect  .     e - +2 cloak
rCorr  .         Harm     .     (gloves unavailable)
MR     .....                    (boots unavailable)
Stlth  +.........               t - amulet of regeneration
                                A - ring of poison resistance
                                f - ring of positive energy

@: no status effects
A: unfitting armour, claws 3, cold resistance 1, fire resistance 1, fast
metabolism 3, gourmand, regeneration 1, shaggy fur 2, tough skin 2, weak 1,
subdued magic 1
a: Minor Destruction, Lesser Servant of Makhleb, Major Destruction, Renounce
Religion


You were on level 1 of the Lair of Beasts.
You worshipped Makhleb.
Makhleb was greatly pleased with you.
You were full.

You visited 3 branches of the dungeon, and saw 15 of its levels.

You collected 784 gold pieces.
You spent 225 gold pieces at shops.

Inventory:

Hand Weapons
 C - a +1 blowgun
Missiles
 o - 6 tomahawks
 s - 5 large rocks
 y - 3 javelins of penetration (quivered)
 D - 4 javelins
 L - 49 poisoned needles
 Q - 4 needles of confusion
Armour
 e - a +2 cloak (worn)
 E - a +2 robe
 O - +0 ice dragon scales
 T - a +0 troll leather armour (worn)
Jewellery
 f - a ring of positive energy (left claw)
 t - an amulet of regeneration (around neck)
 v - an uncursed ring of ice {unknown}
 A - a ring of poison resistance (right claw)
Wands
 H - a wand of disintegration (16/24)
Scrolls
 a - a scroll of magic mapping
 g - a scroll of enchant weapon
 l - 3 scrolls of teleportation
 n - 3 scrolls of recharging
 w - a scroll of enchant armour
 z - a scroll of fog
 B - a scroll of immolation
 F - a scroll of brand weapon {unknown}
 P - 10 scrolls of remove curse
 R - a scroll of identify
 W - a scroll of silence {unknown}
 Y - a scroll of vulnerability {unknown}
Potions
 d - 3 potions of magic {unknown}
 h - a potion of might {unknown}
 i - 2 potions of lignification
 j - 2 potions of ambrosia {unknown}
 m - 3 potions of brilliance {unknown}
 q - a potion of beneficial mutation {unknown}
 G - 2 potions of heal wounds {unknown}
 J - a potion of invisibility
 K - 3 potions of haste
 M - 6 potions of curing
 N - 2 potions of flight {unknown}
 U - 3 potions of agility
 V - 2 potions of cancellation {unknown}
Books
 b - a Young Poisoner's Handbook

   Spells                             Type                      Level
   a - Sting                          Conjuration/Poison           1
   b - Mephitic Cloud                 Conjuration/Poison/Air       3
   c - Olgreb's Toxic Radiance        Poison                       4
   d - Alistair's Intoxication        Transmutation/Poison         5
   e - Venom Bolt                     Conjuration/Poison           5
 p - a book of Minor Magic

   Spells                             Type                      Level
   a - Magic Dart                     Conjuration                  1
   b - Blink                          Translocation                2
   c - Call Imp                       Summoning                    2
   d - Repel Missiles                 Charms/Air                   2
   e - Slow                           Hexes                        2
   f - Conjure Flame                  Conjuration/Fire             3
   g - Mephitic Cloud                 Conjuration/Poison/Air       3
 S - a book of Battle

   Spells                             Type                      Level
   a - Infusion                       Charms                       1
   b - Shroud of Golubria             Charms/Translocation         2
   c - Song of Slaying                Charms                       2
   d - Spectral Weapon                Hexes/Charms                 3
   e - Regeneration                   Charms/Necromancy            3
 X - a book of Misfortune

   Spells                             Type                      Level
   a - Confusing Touch                Hexes                        1
   b - Confuse                        Hexes                        3
   c - Gell's Gravitas                Hexes/Translocation          3
   d - Petrify                        Transmutation/Earth          4
   e - Metabolic Englaciation         Hexes/Ice                    5
   f - Yara's Violent Unravelling     Hexes/Transmutation          5
 Z - a book of Ice

   Spells                             Type                      Level
   a - Ice Form                       Ice/Transmutation            4
   b - Metabolic Englaciation         Hexes/Ice                    5
   c - Ozocubu's Refrigeration        Ice                          6
   d - Bolt of Cold                   Conjuration/Ice              6
   e - Freezing Cloud                 Conjuration/Ice/Air          6
   f - Simulacrum                     Ice/Necromancy               6
Comestibles
 c - 12 bread rations
 k - a royal jelly
 r - 4 beef jerkies
 u - a slice of pizza
 x - 6 meat rations
 I - a fruit


   Skills:
 + Level 6.2 Fighting
 + Level 6.1 Dodging
 - Level 1.0 Stealth
 * Level 16.8 Unarmed Combat
 - Level 1.2 Spellcasting
 - Level 2.9 Poison Magic
 + Level 6.4 Invocations


You had 12 spell levels left.
You knew the following spells:

 Your Spells              Type           Power        Failure   Level  Hunger
a - Sting                 Conj/Pois      #...         21%         1    ##.....


Dungeon Overview and Level Annotations

Branches:
Dungeon (13/15)            Temple (1/1) D:7            Lair (1/6) D:9
    Orc (0/2) D:11
 Vaults: D:13-14

Altars:
Ashenzari
Cheibriados
Dithmenos
Elyvilon
Fedhas
Gozag
Hepliaklqana
Kikubaaqudgha
Makhleb
Nemelex Xobeh
Okawaru
Qazlal
Ru
Sif Muna
Trog
Uskayaw
Vehumet
Xom
Yredelemnul
Zin
The Shining One

Shops:
D:5 }   D:6 [

Portals:
Trove: D:12 (give 9 potions of haste)

Annotations:
Lair:1 Gastronok


Innate Abilities, Weirdness & Mutations

You are too large for most types of armour.
You have claws for hands.
Your metabolism is lightning-fast.
You like to eat raw meat.
Your natural rate of healing is unusually fast.
You are covered in thick fur. (AC +2)
You have very tough skin. (AC +2)
Your flesh is cold resistant. (rC+)
Your flesh is heat resistant. (rF+)
You are weak. (Str -2)
Your spells are a little easier to cast, but a little less powerful.


Message History

* * * LOW HITPOINT WARNING * * *
The eight-headed hydra bites you but does no damage.
The eight-headed hydra closely misses you.
The eight-headed hydra bites you.
* * * LOW HITPOINT WARNING * * *
You claw one of the eight-headed hydra's heads off!
The seven-headed hydra grows two more!
You claw the nine-headed hydra!
The nine-headed hydra is severely wounded.
The nine-headed hydra bites you!
* * * LOW HITPOINT WARNING * * *
The nine-headed hydra bites you but does no damage.
The nine-headed hydra bites you!
* * * LOW HITPOINT WARNING * * *
The nine-headed hydra bites you.
* * * LOW HITPOINT WARNING * * *
The nine-headed hydra misses you. The nine-headed hydra bites you.
* * * LOW HITPOINT WARNING * * *
The nine-headed hydra closely misses you.
The nine-headed hydra bites you!
You die...

....# ##......
.....####.......
#..............
##............
#P..........# #### .
###.........[# ....#
..###..........h##.....#
..............@D†w..#
>........)..###.#†.##
.......<....###.##.#
#...............# .#
#...............# .
.#..............# ..
..##...........## .h .
..$#.........# #.#
................


You could see Gastronok, a nine-headed hydra and a black bear.

Vanquished Creatures
  Josephine (D:10)
  Erolcha (D:13)
  2 skeletal warriors (D:13)
  2 unseen horrors (D:12)
  Pikel (D:4)
  2 hill giants
  6 ugly things
  A cyclops (D:13)
  A manticore (D:13)
  2 centaur zombies
  Joseph (D:7)
  Psyche (D:11)
  A gargoyle (D:11)
  2 centaur skeletons (D:11)
  A freezing wraith (D:13)
  3 trolls
  A polar bear (Lair:1)
  A hornet (D:11)
  2 two-headed ogres
  6 hippogriffs
  Sigmund (D:6)
  A spriggan (D:10)
  5 wraiths (D:10)
  A vampire (D:12)
  A wyvern (D:10)
  16 yaks
  A mottled dragon (D:11)
  3 sky beasts
  2 necrophages
  2 ice beasts
  5 orc warriors
  13 ogres
  6 black bears (Lair:1)
  3 phantoms
  16 centaurs
  2 big kobolds
  8 bullfrogs
  3 scorpions
  A wyvern skeleton (D:13)
  13 wights
  A howler monkey (D:6)
  8 crimson imps
  A quasit (D:7)
  4 hounds
  5 jellies
  A bullfrog zombie (D:9)
  5 orc priests
  A gnoll shaman (D:4)
  3 bullfrog skeletons
  8 worker ants
  5 iguanas
  16 orc wizards
  A hound skeleton (D:7)
  2 worker ant zombies
  7 gnolls
  A howler monkey skeleton (D:4)
  9 adders
  2 shadow imps
  3 dart slugs
  3 leopard geckos
  36 orcs
  7 giant cockroaches
  10 goblins
  7 hobgoblins
  23 jackals
  16 kobolds
  5 quokkas
  3 ball pythons
  6 bats
  2 frilled lizards
  A quokka skeleton (D:7)
  A quokka zombie (D:7)
  8 rats
352 creatures vanquished.

Vanquished Creatures (collateral kills)
  A hydra (D:12)
  An eye of draining (D:12)
2 creatures vanquished.

Vanquished Creatures (others)
  A bullfrog skeleton (D:13)
1 creature vanquished.

Grand Total: 355 creatures vanquished

Notes
Turn   | Place    | Note
-------+----------+-------------------------------------------
     0 | D:1      | Eucla the Troll Venom Mage began the quest for the Orb.
     0 | D:1      | Reached XP level 1. HP: 16/16 MP: 1/1
    80 | D:1      | Reached skill level 1 in Unarmed Combat
   129 | D:1      | Reached XP level 2. HP: 22/24 MP: 2/2
   180 | D:1      | Reached skill level 2 in Unarmed Combat
   349 | D:1      | Reached XP level 3. HP: 31/31 MP: 3/3
   383 | D:1      | Reached skill level 3 in Unarmed Combat
   803 | D:2      | Reached XP level 4. HP: 39/39 MP: 4/4
  1017 | D:2      | Reached skill level 4 in Unarmed Combat
  1559 | D:3      | Reached XP level 5. HP: 22/45 MP: 5/5
  1563 | D:3      | Reached skill level 5 in Unarmed Combat
  2022 | D:4      | Reached XP level 6. HP: 35/53 MP: 6/6
  2056 | D:4      | Reached skill level 6 in Unarmed Combat
  2351 | D:4      | Reached skill level 7 in Unarmed Combat
  2351 | D:4      | Reached XP level 7. HP: 34/59 MP: 7/7
  2536 | D:4      | Noticed Pikel
  2550 | D:4      | Killed Pikel
  2550 | D:4      | Reached skill level 9 in Unarmed Combat
  2550 | D:4      | Reached XP level 8. HP: 18/67 MP: 8/8
  2919 | D:5      | Entered Level 5 of the Dungeon
  2984 | D:5      | Reached skill level 10 in Unarmed Combat
  3567 | D:5      | Reached skill level 11 in Unarmed Combat
  3591 | D:5      | Found Qocsinoi's Gadget Emporium.
  3596 | D:5      | Bought a wand of disintegration (11/24) for 225 gold pieces
  3771 | D:6      | Noticed Sigmund
  3778 | D:6      | Killed Sigmund
  3846 | D:6      | Reached XP level 9. HP: 74/74 MP: 9/9
  3966 | D:6      | You fall through a shaft!
  4025 | D:6      | Reached skill level 12 in Unarmed Combat
  4238 | D:6      | Found Haugeg's Armour Shop.
  4445 | D:7      | Noticed Joseph
  4454 | D:7      | Killed Joseph
  4489 | D:7      | Found a staircase to the Ecumenical Temple.
  4571 | Temple   | Entered the Ecumenical Temple
  4811 | Temple   | Became a worshipper of Makhleb the Destroyer
  5177 | D:8      | Reached skill level 13 in Unarmed Combat
  5904 | D:8      | Found a shadowy altar of Dithmenos.
  5946 | D:8      | Reached XP level 10. HP: 80/80 MP: 10/10
  6240 | D:8      | Gained mutation: Your spells are a little easier to cast, but a little less powerful. [potion of mutation]
  6240 | D:8      | Gained mutation: You are covered in thick fur. (AC +2) [potion of mutation]
  6240 | D:8      | Gained mutation: Your flesh is cold resistant. (rC+) [potion of mutation]
  6241 | D:8      | Gained mutation: You are weak. (Str -2) [potion of mutation]
  6241 | D:8      | Gained mutation: Your flesh is heat resistant. (rF+) [potion of mutation]
  6345 | D:9      | Found a staircase to the Lair.
  6478 | D:9      | Reached skill level 14 in Unarmed Combat
  6667 | D:9      | Reached skill level 1 in Fighting
  6668 | D:9      | Reached * piety under Makhleb
  6836 | D:9      | Reached skill level 1 in Invocations
  7158 | D:10     | Entered Level 10 of the Dungeon
  7317 | D:10     | Reached ** piety under Makhleb
  7437 | D:10     | Noticed a brown ugly thing
  7444 | D:10     | Killed a brown ugly thing
  7444 | D:10     | Reached XP level 11. HP: 49/96 MP: 12/12
  7681 | D:10     | Noticed Josephine
  7703 | D:10     | Killed Josephine
  7703 | D:10     | Reached skill level 15 in Unarmed Combat
  8113 | D:11     | Reached *** piety under Makhleb
  8300 | D:11     | Noticed a green ugly thing
  8318 | D:11     | Killed a green ugly thing
  8356 | D:11     | Identified a scroll of acquirement
  8425 | D:11     | Found a staircase to the Orcish Mines.
  8432 | D:11     | Noticed Psyche
  8437 | D:11     | Killed Psyche
  8437 | D:11     | Paralysed by a hornet for 2 turns
  8827 | D:12     | Killed an unseen horror
  8832 | D:12     | Noticed a green ugly thing
  8836 | D:12     | Killed a green ugly thing
  8836 | D:12     | Reached skill level 5 in Dodging
  8982 | D:12     | Reached skill level 5 in Invocations
  8982 | D:12     | Reached XP level 12. HP: 107/110 MP: 14/14
  9010 | D:12     | Found a portal to a secret trove of treasure.
  9044 | D:12     | Reached skill level 5 in Fighting
  9109 | D:12     | Noticed a seven-headed hydra
  9164 | D:12     | Reached **** piety under Makhleb
  9177 | D:12     | Reached skill level 16 in Unarmed Combat
  9199 | D:12     | Killed an eight-headed hydra
  9849 | D:13     | Noticed a death knight
 10299 | D:13     | Noticed Erolcha
 10308 | D:13     | Killed Erolcha
 10588 | Lair:1   | Entered Level 1 of the Lair of Beasts
 10610 | Lair:1   | Noticed a seven-headed hydra
 10614 | Lair:1   | Noticed Gastronok
 10623 | Lair:1   | Reached ***** piety under Makhleb
 10633 | Lair:1   | HP: 2/114 [nine-headed hydra (6)]
 10633 | Lair:1   | Mangled by a nine-headed hydra

Skill      XL: |  1  2  3  4  5  6  7  8  9 10 11 12 |
---------------+-------------------------------------+-----
Unarmed Combat | 1 2 3 4 5 7 9 11 13 14 15 16 | 16.8
Fighting       | 3 4 6 |  6.2
Dodging        | 3 5 6 |  6.1
Invocations    | 2 5 6 |  6.4
Stealth        | |  1.0
Spellcasting   | |  1.2
Poison Magic   | |  2.9

Action                   |  1- 3 |  4- 6 |  7- 9 | 10-12 || total
-------------------------+-------+-------+-------+-------++-------
Melee: Unarmed           |   134 |   171 |   244 |   692 ||  1241
       Punch             |     2 |     5 |    11 |    58 ||    76
 Cast: Sting             |       |     2 |       |       ||     2
Invok: Lesser Servant of |       |       |       |     1 ||     1
       Greater Servant o |       |       |       |     1 ||     1
Evoke: Wand              |       |       |     3 |     1 ||     4
  Use: Scroll            |       |       |     3 |    19 ||    22
       Potion            |       |       |     1 |     4 ||     5
 Stab: Sleeping          |       |     2 |     1 |     4 ||     7
       Distracted        |       |       |     1 |       ||     1
  Eat: Chunk             |    10 |    14 |    19 |    45 ||    88
       Pizza             |       |       |     2 |       ||     2
       Meat ration       |       |       |     1 |       ||     1
       Royal jelly       |       |       |     1 |       ||     1
       Beef jerky        |       |       |     1 |       ||     1
Armor: Robe              |    96 |    59 |   103 |    85 ||   343
       Ice dragon scales |       |       |       |   218 ||   218
       Troll leather arm |       |       |       |    32 ||    32
       Skin              |       |       |       |     8 ||     8
Dodge: Dodged            |   112 |    78 |   105 |   265 ||   560
